 Dungeon Sprint DCSS version 0.29-a0-732-g3d7fbe0af2 (webtiles) character file.

Game seed: 16285253012657783034

234 mhtbhm the Gouger (level 5, -3/22 HPs)
             Began as a Felid Transmuter on June 30, 2022.
             Slain by a human (10 damage)
             ... in the Dungeon (Sprint III: "The Ten Rune Challenge").
             The game lasted 00:01:29 (404 turns).

mhtbhm the Gouger (Felid Transmuter)                 Turns: 404, Time: 00:01:30

Health: -3/22      AC:  1    Str:  6    XL:     5   Next: 75%
Magic:  11/13      EV: 21    Int: 15    God:
Gold:   36         SH:  0    Dex: 18    Spells: 4/14 levels left
                                        Lives:  0   Deaths: 1

rFire   . . .      SeeInvis +     - Unarmed
rCold   . . .      Faith    .   (shield unavailable)
rNeg    . . .      Spirit   .   (body armour unavailable)
rPois   .          Reflect  .   (helmet unavailable)
rElec   .          Harm     .   (cloak unavailable)
rCorr   .          Rampage  .   (gloves unavailable)
Will    .....      NoTele   +   (boots unavailable)
Stlth   ++........              (no amulet)
HPRegen 0.07/turn               (no ring)
MPRegen 0.13/turn               (no ring)

@: appendages, wereblooded, quick
A: horns 2, very small, claws 1, fangs 3, see invisible, speed 1, shaggy fur 1,
stealthy paws, no weapons or thrown items, no armour, multi-lived
a: End Transformation


You were in the Dungeon.
You had temporarily grown beastly horns.
You visited 1 branch You collected 36 gold pieces.

Inventory:

Scrolls
 g - 2 scrolls of blinking
 h - a scroll of poison {unknown}
 i - 2 scrolls of identify
 l - a scroll of torment {unknown}
Potions
 a - a potion of lignification
 b - a potion of curing
 c - a potion of heal wounds
 e - 2 potions of magic
 f - 3 potions of mutation {unknown}
 j - 2 potions of attraction {unknown}
 k - a potion of might
 m - 2 potions of flight


   Skills:
 + Level 1.1 Fighting
 + Level 6.4 Dodging
 + Level 10.0 Unarmed Combat
 + Level 5.3 Spellcasting
 + Level 5.1 Transmutations


You had 4 spell levels left.
You knew the following spells:

 Your Spells              Type           Power      Damage    Failure   Level
a - Beastly Appendage     Tmut           38%        N/A       1%          1
b - Wereblood             Tmut           19%        N/A       2%          2
c - Spider Form           Tmut/Pois      11%        N/A       17%         3
d - Ice Form              Ice/Tmut       11%        N/A       50%         4

Your spell library contained the following spells:

 Spells                   Type           Power      Damage    Failure   Level


Dungeon Overview and Level Annotations

Branches:
Dungeon (1/1)

Altars:
Okawaru
Trog
Uskayaw
Wu Jian
Beogh


Innate Abilities, Weirdness & Mutations

You have temporarily grown beastly horns.
You have sharp claws.
You have razor-sharp teeth.
You have supernaturally acute eyesight. (SInv)
You cover ground quickly. (Speed+)
You are covered in fur. (AC +1)
Your paws help you pounce on unaware monsters.
You are incapable of wielding weapons or throwing items.
You cannot wear armour.
You gain extra lives every three experience levels.


Message History

HP restored.
You already know all available spells.
Unknown command.
Casting: Wereblood (safe; 2% risk of failure)
Confirm with . or Enter, or press ? or * to list all spells.
The spell is potentially lethal to miscast (50% risk of failure)!
Continue anyway?
Okay, then.
Casting: Ice Form (potentially lethal; 50% risk of failure)
Confirm with . or Enter, or press ? or * to list all spells.
Your blood is infused with primal strength.
Casting: Wereblood (safe; 2% risk of failure)
Confirm with . or Enter, or press ? or * to list all spells.
You grow a pair of large bovine horns.
The human shouts!
The human drinks a potion.
The human goes berserk!
There is an open door here.
The human barely misses you.
There is a roughly hewn altar of Beogh here.
There is an open door here.
Okay, then.
You claw the human!
The human is moderately wounded.
The human barely misses you. The human hits you.
You claw the human! You bite the human.
The human is heavily wounded.
The human misses you.
You barely miss the human.
The human is heavily wounded.
The human hits you!
Ouch! That really hurt!
You closely miss the human.
The human is heavily wounded.
The human closely misses you.
You miss the human. You headbutt the human.
The human is heavily wounded.
The human misses you.
You claw the human!
The human is severely wounded.
The human completely misses you. The human hits you!
You die...

▓▓▓ ▓▓▓ ..#### ##.#
##### .....#####..#
#___# ......#..#..#
#__)#
.##...#..#..###+#p###+##
.###..##'#..#...@......#
#.##..###..†'.⌠........#
.##.†####...#...######+#
.##..###....#.⌠.#
##...##.....#...#
#....#......#+###
#..##.#†....#
#..#####....# ▓▓▓▓
▓▓▓▓▓▓


You could see a human (berserk).

Vanquished Creatures
  A scorpion (D)
  A water elemental (D)
  2 humans (D)
  4 rats (D)
8 creatures vanquished.

Notes
Turn   | Place    | Note
-------+----------+-------------------------------------------
     0 | D        | mhtbhm the Felid Transmuter began the quest for the Orb.
     0 | D        | Reached XP level 1. HP: 9/9 MP: 4/4
    44 | D        | Noticed a scorpion
    55 | D        | Reached skill level 5 in Unarmed Combat
    55 | D        | Reached XP level 2. HP: 11/12 MP: 4/6
    60 | D        | Killed a scorpion
    61 | D        | Reached skill level 7 in Unarmed Combat
    61 | D        | Reached XP level 3. HP: 13/15 MP: 5/9
    61 | D        | Reached XP level 4. HP: 16/19 MP: 5/10
   179 | D        | Learned a level 2 spell: Wereblood
   183 | D        | Learned a level 3 spell: Spider Form
   188 | D        | Learned a level 4 spell: Ice Form
   229 | D        | Noticed a water elemental
   236 | D        | Slain by a water elemental
   237 | D        | Reached XP level 3. HP: -1/15 MP: 7/9
   251 | D        | Killed a water elemental
   252 | D        | Reached skill level 5 in Dodging
   252 | D        | Reached skill level 8 in Unarmed Combat
   252 | D        | Reached XP level 4. HP: 19/19 MP: 11/11
   264 | D        | Found a hide-covered altar of Uskayaw.
   264 | D        | Found an iron altar of Okawaru.
   265 | D        | Found a bloodstained altar of Trog.
   265 | D        | Found an ornate altar of the Wu Jian Council.
   265 | D        | Noticed a human
   265 | D        | Noticed a human
   274 | D        | Killed a human
   275 | D        | Reached skill level 10 in Unarmed Combat
   275 | D        | Reached skill level 5 in Spellcasting
   275 | D        | Reached skill level 5 in Transmutations
   275 | D        | Reached XP level 5. HP: 13/22 MP: 10/13
   404 | D        | Slain by a human

Illustrated notes

Levels and vault maps discovered:
D:        dungeon_sprint_mu [sprint_mu_entry_cave, sprint_mu_temple_rooms,
          sprint_mu_d1_horrors, sprint_mu_d2_genie, sprint_mu_d3_branching,
          sprint_mu_orc_legion, sprint_mu_elf_gauntlet, sprint_mu_hive_nellie,
          sprint_mu_lair_fedhas, sprint_mu_vaults_butterflies,
          sprint_mu_slime_circle, sprint_mu_swamp_cave, sprint_mu_shoals_archi,
          sprint_mu_blade_basic, sprint_mu_crypt_lich, sprint_mu_tomb_spiral,
          sprint_mu_vestibule_basic, sprint_mu_gehenna_hellfire,
          sprint_mu_dis_giant, sprint_mu_tartarus_statrot,
          sprint_mu_cocytus_islands, sprint_mu_zot1]

Skill      XL: |  1  2  3  4 |
---------------+-------------+-----
Dodging        | 3 4 5 6 |  6.4
Unarmed Combat | 5 7 8 10 | 10.0
Spellcasting   | 3 4 5 |  5.3
Transmutations | 3 4 5 |  5.1
Fighting       | |  1.1

Action                   |  1- 3 |  4- 6 || total
-------------------------+-------+-------++-------
Melee: Unarmed           |    20 |    17 ||    37
       Bite              |     2 |     4 ||     6
       Headbutt          |       |     3 ||     3
 Cast: Beastly Appendage |     1 |     2 ||     3
       Wereblood         |       |     3 ||     3
  Use: Potion            |     1 |     1 ||     2
Armor: Skin              |     1 |       ||     1
Dodge: Dodged            |    10 |     9 ||    19

Table legend: (Time is in decaauts)
 A = Elapsed time spent in this place.
 B = Non-inter-level travel time spent in this place.
 C = Inter-level travel time spent in this place.
 D = Time resting spent in this place.
 E = Time spent auto-exploring this place.
 F = Levels seen in this place.
 G = Mean time per level.
                   A        B        C        D        E       F      G
               +--------+--------+--------+--------+--------+-----+--------+
         Total |    392 |    392 |      0 |    261 |     27 |   1 |  392.0 |
       Dungeon |    392 |    392 |      0 |    261 |     27 |   1 |  392.0 |
               +--------+--------+--------+--------+--------+-----+--------+

Top non-repeatable levels by time:
       D: 392 daAuts
